 Dungeon Crawl Stone Soup version bcrawl-1.38.1 (webtiles) character file.

Game seed: 8660225474309705668

184968 Alturiack the Vexing (level 4, 0/26 HPs)
             Began as an Avariel Arcane Marksman on Apr 9, 2023.
             Succumbed to a kobold's poison
             ... on level 2 of the Dungeon.
             The game lasted 00:11:28 (1020 turns).

Alturiack the Vexing (Avariel Arcane Marksman)      Turns: 1020, Time: 00:11:28

Health: 0/26       AC:  2    Str:  8    XL:     4   Next: 50%
Magic:  11/11      EV: 13    Int: 19    God:
Gold:   70         SH:  0    Dex: 14    Spells: 8/9 levels left

rFire    . . .     GDR:     26% a - +0 dagger
rCold    . . .     SeeInvis .   (no shield)
rNeg     . . .     Gourm    .   c - +0 robe
rPois    .         Faith    .   (no helmet)
rElec    .         Spirit   .   (no cloak)
rCorr    .         Reflect  .   (no gloves)
MR       .....                  (no boots)
Stlth    +.........             (no amulet)
HPRegen  0.14/turn              (no ring)
MPRegen  0.12/turn              (no ring)

@: lethally poisoned (0 -> -7)
A: no striking features
a: no special abilities


You were on level 2 of the Dungeon.
You were hungry.

You visited 1 branch of the dungeon, and saw 2 of its levels.

You collected 70 gold pieces.

Inventory:

Hand Weapons
 a - a +0 dagger (weapon)
 f - a +1 shortbow
Missiles
 b - 232 arrows
Armour
 c - a +0 robe (worn)
 l - a +0 robe
Scrolls
 g - a scroll of immolation {unknown}
 i - 2 scrolls of identify
 j - a scroll of enchant armour {unknown}
 k - a scroll of remove curse {unknown}
Potions
 d - a potion of flight {unknown}
 h - a potion of heal wounds {unknown}
 m - a potion of haste {unknown}
Comestibles
 e - 2 rations {!d}
 n - 2 chunks of flesh


   Skills:
 + Level 2.3 Fighting
 + Level 3.3 Bows
 + Level 2.8 Dodging
 + Level 3.3 Spellcasting
 + Level 4.4 Hexes


You had 8 spell levels left.
You knew the following spells:

 Your Spells              Type           Power        Failure   Level  Hunger
a - Corona                Hex            ###....      2%          1    None

Your spell library contained the following spells:

 Spells                   Type           Power        Failure   Level  Hunger
 Shackle                  Hex            ###.....     3%          2    #......
 False Image              Hex/Summ       ##......     19%         3    ####...
 Inner Flame              Hex/Fire       N/A          19%         3    ####...
 Cause Fear               Hex            ###.......   24%         4    #####..
 Yara's Violent Unravell  Hex/Tmut       ##........   52%         4    #####..


Dungeon Overview and Level Annotations

Branches:
Dungeon (2/12)

Altars:

Annotations:
D:2 Robin


Message History

* * * LOW HITPOINT WARNING * * *
You hit the hobgoblin but do no damage.
The hobgoblin is moderately wounded.
The hobgoblin no longer looks unusually strong.
The hobgoblin hits you but does no damage.
You hit the hobgoblin.
The hobgoblin is severely wounded.
Robin roars a battlecry!
The hobgoblin goes into a battle-frenzy!
The hobgoblin hits you.
* * * LOW HITPOINT WARNING * * *
You hit the hobgoblin.
You kill the hobgoblin!
The kobold throws a stone.
The stone hits you but does no damage. The kobold hits you but does no damage.
You are lethally poisoned!
Things that are here:
a hobgoblin corpse; a jackal corpse You hit the kobold but do no damage.
You die...

#.# #########...g#
..# ..........##.#
#.###.#########..#
.# #........# #).#
..
#........######).#
###
##.##.............#
............####g##
##.##....##.# #K#
#)..##.#.##.# #@#
..)....#.##.####)#
#...##.#.#...#...#
##.###...........###
#.###.#...........#
#.......÷..÷......#
#####.##.#........#
#.##....#.......
#.##÷.......###..


You could see Robin and a kobold.

Vanquished Creatures
  Jessica (D:2)
  A worm (D:1)
  A dart slug (D:1)
  2 leopard geckos (D:1)
  2 giant cockroaches (D:1)
  9 hobgoblins
  7 jackals
  5 kobolds
  A quokka (D:2)
  3 bats
  10 goblins
  A rat (D:1)
43 creatures vanquished.

Notes
Turn   | Place    | Note
-------+----------+-------------------------------------------
     0 | D:1      | Alturiack the Avariel Arcane Marksman began the quest for
                  | the Orb.
     0 | D:1      | Reached XP level 1. HP: 12/12 MP: 6/6
   107 | D:1      | Reached XP level 2. HP: 17/17 MP: 7/7
   177 | D:1      | Reached skill level 4 in Hexes
   544 | D:1      | Reached XP level 3. HP: 21/21 MP: 7/9
   948 | D:2      | Noticed Jessica
   953 | D:2      | Killed Jessica
   954 | D:2      | Reached XP level 4. HP: 24/26 MP: 10/10
   983 | D:2      | Noticed Robin
  1017 | D:2      | HP: 1/26 [hobgoblin[Robin] (5)]
  1020 | D:2      | Succumbed to a kobold's poison

Skill      XL: |  1  2  3 |
---------------+----------+-----
Hexes          | 4 |  4.4
Fighting       | 2 |  2.3
Spellcasting   | 3 |  3.3
Bows           | 3 |  3.3
Dodging        | |  2.8

Action                   |  1- 3 |  4- 6 || total
-------------------------+-------+-------++-------
Melee: Dagger            |    14 |    11 ||    25
       Shortbow          |     1 |       ||     1
 Fire: Shortbow          |    98 |    25 ||   123
  Eat: Chunk             |     3 |     1 ||     4
Armor: Robe              |     2 |     6 ||     8
Dodge: Dodged            |    42 |    10 ||    52
